 Dungeon Crawl Stone Soup version 0.28-a0-932-g843f935a50 (webtiles) character file.

Game seed: 14957798893117142136

20234 funkygono the Geomancer (level 12, 0/64 HPs)
             Began as a Gargoyle Earth Elementalist on Nov 26, 2021.
             Was an Elder of Vehumet.
             Engulfed by a cloud of freezing vapour (14 damage)
             ... in an ice cave on Nov 27, 2021.
             The game lasted 00:45:21 (16388 turns).

funkygono the Geomancer (GrEE)                     Turns: 16388, Time: 00:45:22

Health: 0/64       AC: 19    Str: 13    XL:     12   Next: 77%
Magic:  27/27      EV: 13    Int: 26    God:    Vehumet [****..]
Gold:   693        SH:  0    Dex: 10    Spells: 17/33 levels left

rFire   . . .      SeeInvis .   E - +2 whip (flame)
rCold   . . .      Faith    .   (no shield)
rNeg    + . .      Spirit   .   J - +0 steam dragon scales
rPois   ∞          Reflect  .   (no helmet)
rElec   +          Harm     .   n - +0 cloak
rCorr   .          Rampage  .   Z - +1 pair of gloves
Will    .....                   t - +1 pair of boots
Stlth   ++........              i - amulet of magic regeneration
HPRegen 0.20/turn               G - ring of wizardry
MPRegen 0.60/turn               u - +6 ring of intelligence

@: no status effects
A: sickness immunity, AC +8, negative energy resistance 1, electricity
resistance, torment resistance 1, petrification resistance
a: Renounce Religion


You were in an ice cave.
You worshipped Vehumet.
Vehumet was greatly pleased with you.
You visited 3 branches of the dungeon, and saw 14 of its levels.
You also visited: Sewer and Ice Cave.

You collected 693 gold pieces.

Inventory:

Hand Weapons
 y - a +2 flail of flaming
 E - a +2 whip of flaming (weapon)
Missiles
 f - 165 stones
Armour
 n - a +0 cloak (worn)
 t - a +1 pair of boots (worn)
 J - +0 steam dragon scales (worn)
 T - +0 acid dragon scales
 Z - a +1 pair of gloves (worn)
Magical Staves
 U - a staff of conjuration
Jewellery
 a - a +6 ring of strength
 b - an amulet of guardian spirit
 g - an amulet of reflection
 i - an amulet of magic regeneration (around neck)
 q - a ring of willpower
 u - a +6 ring of intelligence (right hand)
 G - a ring of wizardry (left hand)
Wands
 N - a wand of charming (24)
 O - a wand of flame (11)
 R - a wand of mindburst (12)
 S - a wand of iceblast (18)
Scrolls
 c - 2 scrolls of blinking
 o - 8 scrolls of teleportation
 x - a scroll of silence
 F - 2 scrolls of fog
 K - a scroll of fear
Potions
 h - 4 potions of might
 l - 2 potions of ambrosia
 p - 2 potions of invisibility
 D - 3 potions of curing
 H - 2 potions of flight
 P - a potion of mutation


   Skills:
 + Level 3.5 Fighting
 + Level 5.3 Maces & Flails
 + Level 3.0 Armour
 + Level 4.4 Dodging
 - Level 2.1 Stealth
 + Level 0.8 Shields
 + Level 11.1 Spellcasting
 + Level 9.8 Conjurations
 + Level 1.0 Transmutations
 + Level 14.4 Earth Magic


You had 17 spell levels left.
You knew the following spells:

 Your Spells              Type           Power      Damage    Failure   Level
a - Sandblast             Erth           100%       2d20      0%          1
b - Stone Arrow           Conj/Erth      100%       3d13      1%          3
c - Lee's Rapid Deconstr  Erth           37%        3d19*     1%          5
d - Iron Shot             Conj/Erth      33%        9d7       1%          6
e - Magic Dart            Conj           100%       1d8       1%          1

Your spell library contained the following spells:

 Spells                   Type           Power      Damage    Failure   Level
 Iskenderun's Battlesphe  Conj           60%        2d11      1%          5
 Animate Skeleton         Necr           28%        N/A       1%          1
 Beastly Appendage        Tmut           40%        N/A       1%          1
 Freeze                   Ice            56%        1d7       1%          1
 Pain                     Necr           56%        1d6       1%          1
 Passwall                 Tmut/Erth      44%        N/A       1%          2
 Wereblood                Tmut           20%        N/A       1%          2
 Frozen Ramparts          Ice            28%        1d4       1%          3
 Animate Armour           Summ/Erth      100%       N/A       1%          4
 Hailstorm                Conj/Ice       40%        3d10      1%          4
 Leda's Liquefaction      Hex/Erth       25%        N/A       1%          4
 Petrify                  Tmut/Erth      53%        N/A       1%          4
 Blink                    Tloc           28%        N/A       2%          2
 Call Canine Familiar     Summ           14%        N/A       4%          3
 Portal Projectile        Hex/Tloc       28%        N/A       4%          3
 Spider Form              Tmut/Pois      17%        N/A       4%          3
 Vampiric Draining        Necr           14%        2d7       4%          3
 Blade Hands              Tmut           10%        N/A       28%         5
 Manifold Assault         Tloc           14%        N/A       41%         5
 Storm Form               Tmut/Air       8%         N/A       100%        7
 Statue Form              Tmut/Erth      Unusable   N/A       N/A         6

Dungeon Overview and Level Annotations

Branches:
Dungeon (11/15)            Temple (1/1) D:6            Lair (2/6) D:11
    Orc (0/2) D:11          Sewer (visited)           IceCv (1/1)
  Swamp: Lair:2-4    Shoals: Lair:2-4     Snake: Lair:2-4    Spider: Lair:2-4

Altars:
Ashenzari
Cheibriados
Dithmenos
Elyvilon
Fedhas
Gozag
Hepliaklqana
Kikubaaqudgha
Makhleb
Nemelex Xobeh
Okawaru
Qazlal
Ru
Sif Muna
Trog
Uskayaw
Vehumet
Wu Jian
Xom
Yredelemnul
Zin
The Shining One

Shops:
D:1 *   D:7 *

Annotations:
D:8 1 runed translucent door, sanka's ghost, novice PaAK


Innate Abilities, Weirdness & Mutations

You are immune to sickness and miasma.
Your stone body is resilient. (AC +8)
You are immune to poison.
You resist negative energy. (rN+)
You are resistant to electric shocks. (rElec)
You are resistant to unholy torment.
You are immune to petrification.


Message History

The stone arrow hits the white ugly thing!
You kill the white ugly thing!
Vehumet accepts your kill.
Casting: Stone Arrow (safe; 1% risk of failure)
Confirm with . or Enter, or press ? or * to list all spells.
Okay, then.
Casting: Stone Arrow (safe; 1% risk of failure)
Confirm with . or Enter, or press ? or * to list all spells.
Aiming: Iron Shot (dangerous; 1% risk of failure)
Press: ? - help, Shift-Dir - straight line, f - ice devil
Aim: an ice devil (74% to hit)
The iron shot hits the ice devil!!
The ice devil is heavily wounded.
Casting: Iron Shot (dangerous; 1% risk of failure)
Confirm with . or Enter, or press ? or * to list all spells.
Aiming: Iron Shot (dangerous; 1% risk of failure)
Press: ? - help, Shift-Dir - straight line, f/p - ice devil
Aim: an ice devil (heavily wounded, 74% to hit)
The iron shot hits the ice devil!!
You kill the ice devil!
Vehumet accepts your kill.
Unknown command.
You start resting.
HP restored.
You start resting.
Magic restored.
You see here an ugly thing corpse.
Really walk into that cloud of freezing vapour?
You are engulfed in freezing vapours.
Really walk into that cloud of freezing vapour?
Okay, then.
Really walk into that cloud of freezing vapour?
You are engulfed in freezing vapours.
Found an ancient bone altar of Kikubaaqudgha.
You start resting.
You are engulfed in freezing vapours.
* * * LOW HITPOINT WARNING * * *
2 simulacra come into view.
You are engulfed in freezing vapours.
You die...

##....### ###....##
###...### Z # ###...###
.. #### ###...## ....
...## ##...# .....
....## ###..# ...._Z
##...# ##....####......
##..# ##....##§@§..8...
#...###...#○.#§§§######
##..###.†.###..§§##
#..###...###...○##
..###...## ######
......### ....### #####


You could see an elephant simulacrum (dormant) and a harpy simulacrum (dormant).

Vanquished Creatures
  2 hydras (Lair:1)
  2 two-headed ogres (D:9)
  Erica (D:8)
  Pikel (D:7)
  A necromancer (D:11)
  2 ugly things
  A cyclops (D:11)
  Maurice (D:11)
  Joseph (D:7)
  A black mamba (Lair:2)
  Maggie (D:7)
  2 cane toads
  2 freezing wraiths (IceCv)
  2 komodo dragons
  4 ice devils (IceCv)
  An unseen horror (D:11)
  An entropy weaver simulacrum (IceCv)
  2 anaconda simulacra (IceCv)
  Prince Ribbit (D:7)
  A hornet (D:7)
  A shadow (D:10)
  Eustachio (D:3)
  11 yaks
  2 basilisks
  2 wyverns
  2 vampire mosquitoes (D:11)
  A death yak simulacrum (IceCv)
  Menkaure (D:4)
  3 wargs (D:11)
  An acid dragon (D:9)
  2 harpy simulacra (IceCv)
  3 water moccasins
  3 orc warriors
  2 black bears
  3 necrophages
  4 centaurs
  5 wolves (Lair:1)
  2 phantoms
  3 lemures (D:7)
  A kobold brigand (D:9)
  7 bullfrogs
  A two-headed ogre simulacrum (IceCv)
  A scorpion (Lair:1)
  A gnoll sergeant (D:10)
  2 cane toad simulacra (IceCv)
  An elephant simulacrum (IceCv)
  14 killer bees
  8 wights
  A howler monkey (D:5)
  2 bullfrog zombies
  5 centaur zombies
  3 hounds
  2 jellies (D:6)
  Crazy Yiuf (D:2)
  A gnoll shaman (D:6)
  5 orc priests
  2 centaur skeletons
  A bullfrog skeleton (D:7)
  3 iguanas
  A scorpion zombie (D:5)
  14 orc wizards
  7 hell rats
  2 spriggan simulacra (IceCv)
  4 yak simulacra (D:11)
  3 polar bear simulacra
  5 wolf simulacra
  A killer bee zombie (D:8)
  A hound zombie (D:5)
  A howler monkey zombie (D:6)
  13 gnolls
  8 adders
  5 white imps
  An ufetubus (D:6)
  A worm (D:3)
  A dart slug (D:3)
  43 orcs
  15 ball pythons
  4 bats
  20 endoplasms
  7 giant cockroaches
  8 goblins
  5 hobgoblins
  6 jackals
  8 kobolds
  18 quokkas
  10 frilled lizards
  10 rats
  5 river rat simulacra (D:11)
371 creatures vanquished.

Vanquished Creatures (others)
  2 fungi
  3 plants (D:11)
5 creatures vanquished.

Grand Total: 376 creatures vanquished

Notes
Turn   | Place    | Note
-------+----------+-------------------------------------------
     0 | D:1      | funkygono the Gargoyle Earth Elementalist began the quest
                  | for the Orb.
     0 | D:1      | Reached XP level 1. HP: 10/10 MP: 3/3
   101 | D:1      | Found Wulaf's General Store.
   222 | D:1      | Reached skill level 4 in Earth Magic
   225 | D:1      | Reached skill level 1 in Transmutations
   236 | D:1      | Reached XP level 2. HP: 9/15 MP: 1/5
  1080 | D:1      | Reached XP level 3. HP: 10/19 MP: 1/6
  1795 | D:2      | Reached XP level 4. HP: 24/24 MP: 4/7
  1832 | D:2      | Learned a level 3 spell: Stone Arrow
  1909 | D:2      | Found a runed translucent door.
  1910 | D:2      | Noticed Crazy Yiuf
  2010 | D:2      | Reached skill level 5 in Earth Magic
  2173 | D:2      | Reached XP level 5. HP: 28/28 MP: 7/9
  2455 | D:2      | Killed Crazy Yiuf
  2533 | D:3      | Found a faded altar of an unknown god.
  2726 | D:3      | Reached skill level 1 in Conjurations
  2727 | D:3      | Found a glowing drain.
  2740 | Sewer    | Entered a sewer
  2915 | Sewer    | Reached skill level 1 in Maces & Flails
  3297 | Sewer    | Reached XP level 6. HP: 32/32 MP: 5/11
  4314 | D:4      | Noticed Eustachio
  4326 | D:3      | Killed Eustachio
  4327 | D:3      | Reached skill level 1 in Fighting
  4327 | D:3      | Reached skill level 6 in Earth Magic
  4327 | D:3      | Reached XP level 7. HP: 31/38 MP: 5/13
  4608 | D:4      | Noticed Menkaure
  4612 | D:4      | Killed Menkaure
  4666 | D:4      | Reached XP level 8. HP: 43/43 MP: 8/14
  5543 | D:4      | Reached skill level 1 in Armour
  5700 | D:5      | Entered Level 5 of the Dungeon
  5757 | D:5      | Reached skill level 7 in Earth Magic
  6512 | D:5      | Reached skill level 5 in Spellcasting
  6948 | D:6      | Reached XP level 9. HP: 47/48 MP: 4/16
  6999 | D:6      | Found an ornate altar of the Wu Jian Council.
  7056 | D:6      | Found a staircase to the Ecumenical Temple.
  7102 | Temple   | Entered the Ecumenical Temple
  7121 | Temple   | Became a worshipper of Vehumet
  7926 | D:6      | Learned a level 6 spell: Iron Shot
  7972 | D:7      | Reached skill level 8 in Earth Magic
  7988 | D:7      | Identified the +1 leather armour of Amorality {Rampage
                  | rC+++ Will- Dex-2}
  7996 | D:7      | Noticed Joseph
  8004 | D:7      | Reached skill level 5 in Conjurations
  8007 | D:7      | Killed Joseph
  8252 | D:7      | Noticed Pikel
  8268 | D:7      | Reached skill level 9 in Earth Magic
  8326 | D:7      | Noticed Prince Ribbit
  8332 | D:7      | Killed Prince Ribbit
  8388 | D:7      | Killed Pikel
  8389 | D:7      | Reached XP level 10. HP: 40/53 MP: 2/20
  8621 | D:7      | Reached skill level 10 in Earth Magic
  8653 | D:7      | Found Cuonwadi's CLEARANCE SALE!.
  8665 | D:7      | Noticed Maggie
  8673 | D:7      | Killed Maggie
  9341 | D:8      | Reached * piety under Vehumet
  9341 | D:8      | Offered knowledge of Magic Dart by Vehumet.
  9841 | D:8      | Noticed Erica
  9866 | D:8      | Killed Erica
  9867 | D:8      | Reached skill level 11 in Earth Magic
 10443 | D:8      | Found a runed translucent door.
 10444 | D:8      | Found a shimmering altar of Xom.
 10444 | D:8      | Noticed sanka's ghost (novice PaAK)
 10444 | D:8      | Noticed a +1 short sword of chaos
 10624 | D:8      | Learned a level 1 spell: Magic Dart
 10965 | D:9      | Noticed a two-headed ogre
 10975 | D:9      | Killed a two-headed ogre
 11024 | D:9      | Reached XP level 11. HP: 37/58 MP: 16/23
 11253 | D:9      | Noticed a two-headed ogre
 11256 | D:9      | Killed a two-headed ogre
 11384 | D:10     | Entered Level 10 of the Dungeon
 11568 | D:9      | Reached skill level 12 in Earth Magic
 11754 | D:10     | Reached ** piety under Vehumet
 11802 | D:10     | Offered knowledge of Poisonous Vapours by Vehumet.
 12113 | D:10     | Learned a level 5 spell: Lee's Rapid Deconstruction
 12407 | D:11     | Offered knowledge of Ignite Poison by Vehumet.
 12432 | D:11     | Found a staircase to the Lair.
 12495 | D:11     | Noticed Maurice
 12502 | D:11     | Killed Maurice
 12537 | D:11     | Found a staircase to the Orcish Mines.
 13091 | D:11     | Noticed a cyclops
 13095 | D:11     | Killed a cyclops
 13269 | D:11     | Noticed a white ugly thing
 13274 | D:11     | Killed a white ugly thing
 13275 | D:11     | Reached skill level 10 in Spellcasting
 13323 | D:11     | Noticed a necromancer
 13324 | D:11     | Reached *** piety under Vehumet
 13328 | D:11     | Killed a necromancer
 13329 | D:11     | Reached skill level 5 in Maces & Flails
 13871 | Lair:1   | Entered Level 1 of the Lair of Beasts
 13906 | Lair:1   | Reached skill level 13 in Earth Magic
 13969 | D:11     | HP: 2/60 [hell rat (10)]
 14250 | Lair:1   | Offered knowledge of Conjure Flame by Vehumet.
 14251 | Lair:1   | Reached XP level 12. HP: 52/64 MP: 20/26
 14565 | Lair:1   | Noticed a seven-headed hydra
 14569 | Lair:1   | Killed a seven-headed hydra
 14576 | Lair:1   | Noticed a six-headed hydra
 14589 | Lair:1   | Killed a six-headed hydra
 15376 | Lair:2   | Found a frozen archway.
 15401 | IceCv    | Entered an ice cave
 15450 | IceCv    | Reached **** piety under Vehumet
 15497 | IceCv    | Upgraded the game from 0.28-a0-925-gd5e1996cdb to
                  | 0.28-a0-932-g843f935a50
 15503 | IceCv    | Offered knowledge of Iskenderun's Battlesphere by Vehumet.
 15771 | IceCv    | Reached skill level 14 in Earth Magic
 16380 | IceCv    | Found an ancient bone altar of Kikubaaqudgha.
 16388 | IceCv    | Engulfed by a cloud of freezing vapour

Illustrated notes

Levels and vault maps discovered:
D:1:      minmay_arrival_shattered_statue, layout_basic, serial_shops, shop
D:2:      layout_loops_ring, uniq_crazy_yiuf_cottage
D:3:      layout_loops_corners, hellmonk_ecumenical_altar_blasted,
          portal_sewer_entry_f
D:4:      layout_basic, amcnicky_mini_rare_corridor_liquid,
          amcnicky_mini_corridor_feature, uniq_menkaure, uniq_eustachio
D:5:      layout_basic
D:6:      layout_cave_pods, nzn_wu_jian_contemplation, minmay_temple_entry_ruins
D:7:      layout_basic, grunt_ministairs_9, nicolae_shop_clearance, uniq_pikel,
          uniq_joseph, uniq_maggie, uniq_prince_ribbit1
D:8:      layout_basic, ebering_ghost_xom, uniq_erica
D:9:      layout_gridville
D:10:     layout_basic
D:11:     layout_stronghold, erik_lair_orcish_takeover, orc_0_dummy,
          eino_house_with_fridge, uniq_maurice
Temple:   nicolae_temple_the_god_donut
Lair:1:   layout_small_grid
Lair:2:   layout_gridlike, portal_ice_cave_entry_pillars_2, lemuel_fruit_tree
IceCv:    ice_cave_small_necro

Skill      XL: |  1  2  3  4  5  6  7  8  9 10 11 12 |
---------------+-------------------------------------+-----
Earth Magic    | 4 5 6 7 9 11 13 14 | 14.4
Transmutations | 1 |  1.0
Dodging        | 2 3 4 |  4.4
Spellcasting   | 3 4 5 6 8 10 11 | 11.1
Conjurations   | 1 3 4 6 7 8 9 |  9.8
Maces & Flails | 1 2 3 4 5 |  5.3
Fighting       | 1 2 3 |  3.5
Armour         | 2 3 |  3.0
Stealth        | |  2.1
Shields        | |  0.8

Action                   |  1- 3 |  4- 6 |  7- 9 | 10-12 || total
-------------------------+-------+-------+-------+-------++-------
Melee: Mace              |    33 |    89 |    97 |       ||   219
       Whip              |    12 |       |       |    99 ||   111
       Flail             |       |       |     6 |       ||     6
 Cast: Sandblast         |    41 |    58 |    32 |   110 ||   241
       Stone Arrow       |       |    51 |   114 |   201 ||   366
       Magic Dart        |       |       |       |    36 ||    36
       Iron Shot         |       |       |       |    21 ||    21
       Lee's Rapid Decon |       |       |       |     1 ||     1
  Use: Scroll            |     4 |     7 |     4 |    11 ||    26
       Potion            |       |       |       |     3 ||     3
Armor: Robe              |    17 |    77 |       |       ||    94
       Leather armour    |       |       |    95 |     3 ||    98
       Steam dragon scal |       |       |       |   140 ||   140
Dodge: Dodged            |    32 |   110 |   111 |   134 ||   387
Block: Other             |     7 |     1 |       |       ||     8

Table legend: (Time is in decaauts)
 A = Elapsed time spent in this place.
 B = Non-inter-level travel time spent in this place.
 C = Inter-level travel time spent in this place.
 D = Time resting spent in this place.
 E = Time spent auto-exploring this place.
 F = Levels seen in this place.
 G = Mean time per level.
                   A        B        C        D        E       F      G
               +--------+--------+--------+--------+--------+-----+--------+
         Total |  16542 |  16168 |    374 |   1424 |  11898 |  16 | 1033.9 |
       Dungeon |  13184 |  12840 |    344 |    893 |   9868 |  11 | 1198.5 |
        Temple |    292 |    276 |     16 |      0 |    258 |   1 |  292.0 |
          Lair |   1214 |   1201 |     13 |     14 |    978 |   2 |  607.0 |
         Sewer |    865 |    865 |      0 |      0 |    508 |   1 |  865.0 |
      Ice Cave |    985 |    985 |      0 |    517 |    285 |   1 |  985.0 |
               +--------+--------+--------+--------+--------+-----+--------+

Top non-repeatable levels by time:
    D:11: 1798 daAuts
     D:8: 1460 daAuts
     D:1: 1457 daAuts
     D:3: 1272 daAuts
     D:7: 1241 daAuts
     D:4: 1182 daAuts
  Lair:1: 1143 daAuts
     D:9: 1087 daAuts
     D:2: 1069 daAuts
     D:6: 1028 daAuts
   IceCv: 985 daAuts
     D:5: 943 daAuts
   Sewer: 865 daAuts
    D:10: 642 daAuts
  Temple: 292 daAuts
